 Dungeon Crawl Stone Soup version 0.26.1-11-gd32895ea62 (webtiles) character file.

Game seed: 111628119298571404

2002 Almogavar the Digger (level 9, 0/76 HPs)
             Began as a Gargoyle Earth Elementalist on May 25, 2021.
             Was an Initiate of Makhleb.
             Slain by a sun demon (13 damage)
             ... summoned by an orc high priest
             ... in a bailey.
             The game lasted 00:31:36 (9130 turns).

Almogavar the Digger (Gargoyle Earth Elementalist)  Turns: 9130, Time: 00:31:38

Health: 0/76       AC: 13    Str: 12    XL:     9   Next: 22%
Magic:  18/18      EV: 13    Int: 19    God:    Makhleb [......]
Gold:   340        SH:  0    Dex: 16    Spells: 16/20 levels left

rFire    . . .     SeeInvis .   x - +1 flail (protect)
rCold    . . .     Faith    .   (no shield)
rNeg     + . .     Spirit   .   t - +3 leather armour
rPois    ∞         Reflect  .   (no helmet)
rElec    +         Harm     .   n - scarf {shadows}
rCorr    .         Rampage  .   (no gloves)
Will     .....                  r - +0 pair of boots
Stlth    ..........             g - amulet of the acrobat
HPRegen  0.22/turn              f - +6 ring of dexterity
MPRegen  0.16/turn              l - ring of flight

@: berserking, very slightly contaminated, invisible, very quick
A: negative energy resistance 1, electricity resistance, unbreathing,
petrification resistance, miasma immunity, AC +6
a: Renounce Religion, Evoke Flight


You were in a bailey.
You worshipped Makhleb.
Makhleb was noncommittal.
You visited 2 branches of the dungeon, and saw 8 of its levels.
You also visited: Sewer and Bailey.

You collected 340 gold pieces.

Inventory:

Hand Weapons
 x - a +1 flail of protection (weapon)
Missiles
 i - 156 bolts
 w - 29 stones
Armour
 e - a +0 ring mail of poison resistance
 n - a scarf of shadows (worn)
 r - a +0 pair of boots (worn)
 t - a +3 leather armour (worn)
 E - a +0 chain mail
Jewellery
 f - a +6 ring of dexterity (left hand)
 g - an amulet of the acrobat (around neck)
 l - a ring of flight (right hand)
 F - an uncursed ring of protection from cold
Wands
 A - a wand of digging (5)
 D - a wand of disintegration (10)
 H - a wand of flame (20)
Scrolls
 b - 3 scrolls of remove curse
 d - 2 scrolls of fog
 k - a scroll of magic mapping
 o - a scroll of amnesia
 p - 3 scrolls of enchant weapon
 s - 2 scrolls of teleportation {unknown}
 y - a scroll of enchant armour {unknown}
 G - a scroll of random uselessness {unknown}
Potions
 a - a potion of invisibility
 h - 3 potions of brilliance
 j - 4 potions of flight
 m - 6 potions of curing
 q - a potion of ambrosia
 u - a potion of might {unknown}
 v - a potion of cancellation {unknown}
 z - a potion of attraction {unknown}
 B - a potion of heal wounds {unknown}
 C - 2 potions of lignification {unknown}


   Skills:
 + Level 3.5 Fighting
 + Level 4.6 Maces & Flails
 + Level 2.7 Armour
 + Level 3.6 Dodging
 + Level 3.9 Stealth
 + Level 6.0 Spellcasting
 + Level 0.5 Conjurations
 + Level 0.9 Transmutations
 + Level 7.5 Earth Magic


You had 16 spell levels left.
You knew the following spells:

 Your Spells              Type           Power        Failure   Level
a - Sandblast             Erth           34%          1%          1
b - Stone Arrow           Conj/Erth      20%          8%          3

Your spell library contained the following spells:

 Spells                   Type           Power        Failure   Level
 Passwall                 Tmut/Erth      8%           3%          2
 Lee's Rapid Deconstruct  Erth           8%           19%         5
 Petrify                  Tmut/Erth      10%          24%         4


Dungeon Overview and Level Annotations

Branches:
Dungeon (7/15)             Temple (1/1) D:6           Sewer (visited)
 Bailey (1/1)

Altars:
Cheibriados
Dithmenos
Elyvilon
Fedhas
Gozag
Hepliaklqana
Kikubaaqudgha
Makhleb
Qazlal
Ru
Trog
Uskayaw
Vehumet
Xom
Zin
The Shining One


Innate Abilities, Weirdness & Mutations

You are resistant to torment.
Your stone body is resilient. (AC +6)
You are immune to poison.
You resist negative energy. (rN+)
You are resistant to electric shocks. (rElec)
You can survive without breathing.
You are immune to petrification.
You are immune to miasma.


Message History

The ynoxinul gestures.
The orc high priest invokes the aid of Beogh against you.
Beogh smites you!
The ufetubus shouts!
You barely miss the orc high priest.
The ufetubus shouts! x2; The orc warrior shouts!
The ufetubus shouts!
The sun demon hits you!
You are engulfed in flames!
* * * LOW HITPOINT WARNING * * *
The ynoxinul misses you.
You barely miss the orc high priest.
The ufetubus shouts!
The hellwing gives a chilling moan.
The sun demon misses you. The orc high priest closely misses you.
The ynoxinul hits you but does no damage.
You closely miss the orc high priest.
The ufetubus shouts!
The hellwing gives a chilling moan.
The orc warrior shouts!
The sun demon hits you!
* * * LOW HITPOINT WARNING * * *
You are engulfed in flames!
You die...

##≈≈≈≈)..≈≈≈≈#
#...........#
#####'''#####
#..'.....+
#5.'.....+
####4.#..⌠..#
#..555#.....#
#.8go3#.....#
#..53@#######
#.8o###
#.......o.
#.8.....go
+........o
##+#......
###### )..


You could see an orc high priest, a sun demon (summoned), a hellwing (summoned,
wandering), a ynoxinul (summoned), an orc warrior (wandering), 5 ufetubi and a
hobgoblin.

Vanquished Creatures
  An orc warrior (D:6)
  An ice beast (D:5)
  A phantom (D:6)
  A sky beast (D:6)
  An ogre (D:4)
  2 centaurs (D:6)
  A big kobold (Sewer)
  3 bullfrogs
  3 scorpions (D:6)
  A water moccasin skeleton (D:6)
  A howler monkey (D:4)
  3 wights (D:6)
  A centaur skeleton (D:4)
  4 orc priests
  2 iguanas
  7 orc wizards
  3 worker ants
  A hound zombie (D:6)
  A hound skeleton (D:6)
  A gnoll (Bailey)
  7 adders
  A river rat (Sewer)
  2 oozes (D:2)
  An adder skeleton (D:6)
  8 worms
  7 dart slugs
  10 leopard geckos
  23 orcs
  3 ball pythons
  6 giant cockroaches
  10 hobgoblins
  8 jackals
  3 quokkas
  8 bats
  2 frilled lizards
  13 goblins
  8 kobolds
  13 rats
172 creatures vanquished.

Notes
Turn   | Place    | Note
-------+----------+-------------------------------------------
     0 | D:1      | Almogavar the Gargoyle Earth Elementalist began the quest
                  | for the Orb.
     0 | D:1      | Reached XP level 1. HP: 10/10 MP: 3/3
   130 | D:1      | Reached skill level 4 in Earth Magic
   162 | D:1      | Reached XP level 2. HP: 15/15 MP: 1/5
   897 | D:2      | Reached XP level 3. HP: 19/19 MP: 4/6
  1131 | D:2      | Learned a level 3 spell: Stone Arrow
  1334 | D:2      | Found a glowing silver altar of Zin.
  1334 | D:2      | Found a white marble altar of Elyvilon.
  1343 | D:2      | Found a glowing golden altar of the Shining One.
  1607 | D:2      | Reached XP level 4. HP: 22/24 MP: 5/8
  1968 | D:2      | Reached skill level 5 in Earth Magic
  2342 | D:3      | Reached XP level 5. HP: 28/28 MP: 7/9
  2840 | D:3      | HP: 1/28 [orc priest/+0 mace (6)]
  3702 | D:2      | Reached XP level 6. HP: 13/33 MP: 11/11
  4849 | D:4      | Reached skill level 1 in Fighting
  4849 | D:4      | Reached XP level 7. HP: 25/38 MP: 10/13
  5120 | D:4      | Reached skill level 1 in Maces & Flails
  5838 | D:5      | Entered Level 5 of the Dungeon
  5875 | D:5      | Reached skill level 1 in Armour
  6311 | D:5      | Reached skill level 6 in Earth Magic
  6575 | D:6      | Reached XP level 8. HP: 20/44 MP: 8/15
  6584 | D:6      | Reached skill level 5 in Spellcasting
  6623 | D:6      | Found a glowing drain.
  6653 | Sewer    | Entered a sewer
  7015 | Sewer    | Found a white marble altar of Elyvilon.
  7422 | D:6      | Reached skill level 7 in Earth Magic
  7830 | D:6      | Found a staircase to the Ecumenical Temple.
  7839 | Temple   | Entered the Ecumenical Temple
  7904 | Temple   | Became a worshipper of Makhleb the Destroyer
  8240 | D:6      | Reached XP level 9. HP: 15/51 MP: 17/17
  8949 | D:7      | Found a flagged portal.
  8962 | Bailey   | Entered a bailey
  9113 | Bailey   | Found an iron altar of Okawaru.
  9113 | Bailey   | Noticed an orc high priest
  9113 | Bailey   | Noticed an orc sorcerer
  9125 | Bailey   | Noticed a hellwing
  9125 | Bailey   | Noticed a sun demon
  9130 | Bailey   | Slain by a sun demon

Illustrated notes

Levels and vault maps discovered:
D:1:      lightli_arrival_statue_moat, layout_basic
D:2:      layout_loops_corners, good_gods_temple_1
D:3:      layout_rooms, minmay_box_of_dots
D:4:      layout_basic
D:5:      layout_basic
D:6:      layout_rooms, temple_hall, portal_sewer_entry_f
D:7:      layout_basic, enter_bailey_3
Temple:   nicolae_temple_god_jail
Bailey:   bailey_axe_of_yendor_kennysheep, bailey

Skill      XL: |  1  2  3  4  5  6  7  8  9 |
---------------+----------------------------+-----
Earth Magic    | 4 5 6 7 |  7.5
Spellcasting   | 3 4 5 6 |  6.0
Dodging        | 2 3 |  3.6
Stealth        | 3 |  3.9
Fighting       | 1 3 |  3.5
Maces & Flails | 2 4 |  4.6
Armour         | 1 2 |  2.7
Conjurations   | |  0.5
Transmutations | |  0.9

Action                   |  1- 3 |  4- 6 |  7- 9 || total
-------------------------+-------+-------+-------++-------
Melee: Short sword       |    55 |   197 |       ||   252
       Flail             |       |     9 |   361 ||   370
 Cast: Sandblast         |    40 |    45 |    94 ||   179
       Stone Arrow       |       |       |    18 ||    18
  Use: Scroll            |       |     9 |     9 ||    18
       Potion            |       |     2 |     2 ||     4
 Stab: Sleeping          |     1 |     3 |     2 ||     6
       Distracted        |       |     1 |       ||     1
       Invisible         |       |       |     1 ||     1
Armor: Robe              |    17 |    68 |       ||    85
       Leather armour    |       |     2 |   235 ||   237
Dodge: Dodged            |    39 |   145 |   263 ||   447
